 Dungeon Sprint DCSS version 0.27-a0-74-gebd156f8b4 (webtiles) character file.

Game seed: 5822162956494759872

857 rocky1 the Fighter (level 8, -10/73 HPs)
             Began as a Gnoll Wanderer on Jan 12, 2021.
             Was a Follower of Okawaru.
             Killed from afar by a necromancer (24 damage)
             ... with a bolt of fire
             ... in the Dungeon (Sprint III: "The Ten Rune Challenge").
             The game lasted 00:04:20 (1172 turns).

rocky1 the Fighter (Gnoll Wanderer)                 Turns: 1172, Time: 00:04:21

Health: -10/73     AC:  2    Str: 18    XL:     8   Next: 2%
Magic:  16/17      EV: 15    Int: 14    God:    Okawaru [*.....]
Gold:   35         SH:  0    Dex: 14    Spells: 19/19 levels left

rFire    . . .     SeeInvis .   b - +0 long sword (holy)
rCold    . . .     Faith    .   (no shield)
rNeg     . . .     Spirit   .   f - +0 robe
rPois    .         Reflect  .   (no helmet)
rElec    .         Harm     .   (no cloak)
rCorr    .         Rampage  .   (no gloves)
Will     .....     NoTele   +   (no boots)
Stlth    +++.......             (no amulet)
HPRegen  0.22/turn              (no ring)
MPRegen  0.15/turn              (no ring)

@: no status effects
A: distributed training, fangs 1, strong nose
a: Renounce Religion, Heroism


You were in the Dungeon.
You worshipped Okawaru.
Okawaru was aware of your devotion.
You visited 1 branch You collected 35 gold pieces.

Inventory:

Hand Weapons
 a - a +2 hand crossbow
 b - a +0 long sword of holy wrath (weapon)
 e - a +0 mace
 h - a +0 dagger
Missiles
 c - 21 bolts
 d - 9 poisoned darts (quivered)
Armour
 f - a +0 robe (worn)
Scrolls
 l - a scroll of blinking
 m - a scroll of enchant armour {unknown}
 n - 2 scrolls of holy word {unknown}
 o - a scroll of identify {unknown}
 p - 2 scrolls of remove curse {unknown}
 r - a scroll of amnesia {unknown}
Potions
 g - 2 potions of curing
 j - 2 potions of magic
 q - 3 potions of flight
 s - 5 potions of mutation


   Skills:
 + Level 10.4 Fighting
 + Level 6.0 Short Blades
 + Level 6.0 Long Blades
 + Level 6.6 Axes
 + Level 6.0 Maces & Flails
 + Level 6.0 Polearms
 + Level 6.0 Staves
 + Level 6.0 Slings
 + Level 6.0 Bows
 + Level 6.6 Crossbows
 + Level 6.6 Throwing
 + Level 7.7 Armour
 + Level 6.0 Dodging
 + Level 6.0 Stealth
 + Level 6.0 Shields
 + Level 6.0 Unarmed Combat
 + Level 6.0 Spellcasting
 + Level 5.0 Conjurations
 + Level 5.0 Hexes
 + Level 5.0 Summonings
 + Level 5.0 Necromancy
 + Level 5.0 Translocations
 + Level 5.0 Transmutations
 + Level 5.0 Fire Magic
 + Level 5.0 Ice Magic
 + Level 5.0 Air Magic
 + Level 5.0 Earth Magic
 + Level 5.0 Poison Magic
 + Level 6.6 Invocations
 + Level 6.6 Evocations


You had 19 spell levels left.
You didn't know any spells.
Your spell library was empty.

Dungeon Overview and Level Annotations

Branches:
Dungeon (1/1)

Altars:
Dithmenos
Elyvilon
Okawaru
Ru
Trog
Uskayaw
Wu Jian
Yredelemnul
Zin
The Shining One
Beogh


Innate Abilities, Weirdness & Mutations

Your experience applies equally to all skills.
You have very sharp teeth.
Your uncanny sense of smell can sniff out nearby items.


Message History

There is an open door here.
You barely miss something. Your bite misses something.
Something completely misses you.
You miss something. You bite something. Something hits you. x2
You hit something but do no damage. Something hits you.
You miss something. You bite something. Something hits you.
* * * LOW HITPOINT WARNING * * *
You hit something but do no damage.
You hear some strange, mumbled words.
A bolt of fire appears from out of thin air!
The bolt of fire misses you.
You miss something. Something hits you.
* * * LOW HITPOINT WARNING * * *
You miss something. You bite something. Something hits you.
* * * LOW HITPOINT WARNING * * *
You hit something.
You hear some strange, mumbled words.
A bolt of fire appears from out of thin air!
The bolt of fire hits you!!
You die...

▓▓▓ ♣ ♣
♣.############∆ ∆ ♣.♣
♣♣.#___#___#__#∆∆∆ ♣.♣
♣..#...#__.#{_#
≈♣♣♣♣..###'#'###@## ∆
≈♣♣.♣..#..........# ∆
≈≈♣.♣..'÷⌠........#∆∆∆
≈≈≈≈.♣.#...######+#
∆∆∆ ≈≈≈....#.⌠.#
≈≈.....#...#∆
.......#+### .......#
∆∆ .......#


There were no monsters in sight!

Vanquished Creatures
  A deep elf mage (D)
  A necrophage (D)
  A water elemental (D)
  Jessica (D)
  3 humans (D)
  A wolf (D)
  An ooze (D)
  A rat (D)
10 creatures vanquished.

Vanquished Creatures (others)
  8 plants (D)
8 creatures vanquished.

Grand Total: 18 creatures vanquished

Notes
Turn   | Place    | Note
-------+----------+-------------------------------------------
     0 | D        | rocky1 the Gnoll Wanderer began the quest for the Orb.
     0 | D        | rocky1 set off with the following items: a +2 hand
                  | crossbow, 24 bolts, a +0 mace, 9 poisoned darts, a +0
                  | dagger, a +0 robe, a potion of curing, a potion of heal
                  | wounds, a potion of haste, 2 potions of magic, a potion of
                  | berserk rage, a scroll of blinking
     0 | D        | Reached XP level 1. HP: 26/26 MP: 1/1
     4 | D        | Reached skill level 1 in Invocations
     6 | D        | Reached skill level 1 in Short Blades
     6 | D        | Reached skill level 1 in Long Blades
     6 | D        | Reached skill level 1 in Maces & Flails
     6 | D        | Reached skill level 1 in Polearms
     6 | D        | Reached skill level 1 in Staves
     6 | D        | Reached skill level 1 in Slings
     6 | D        | Reached skill level 1 in Bows
     6 | D        | Reached skill level 1 in Dodging
     6 | D        | Reached skill level 1 in Stealth
     6 | D        | Reached skill level 1 in Shields
     6 | D        | Reached skill level 1 in Unarmed Combat
     6 | D        | Reached skill level 1 in Spellcasting
   117 | D        | Noticed Jessica
   119 | D        | Killed Jessica
   120 | D        | Reached skill level 1 in Conjurations
   120 | D        | Reached skill level 1 in Hexes
   120 | D        | Reached skill level 1 in Summonings
   120 | D        | Reached skill level 1 in Necromancy
   120 | D        | Reached skill level 1 in Translocations
   120 | D        | Reached skill level 1 in Transmutations
   120 | D        | Reached skill level 1 in Fire Magic
   120 | D        | Reached skill level 1 in Ice Magic
   120 | D        | Reached skill level 1 in Air Magic
   120 | D        | Reached skill level 1 in Earth Magic
   120 | D        | Reached skill level 1 in Poison Magic
   120 | D        | Reached XP level 2. HP: 33/33 MP: 2/4
   120 | D        | Reached XP level 3. HP: 38/38 MP: 2/5
   173 | D        | Reached skill level 5 in Armour
   303 | D        | Reached XP level 4. HP: 45/45 MP: 7/7
   366 | D        | Noticed a water elemental
   376 | D        | Killed a water elemental
   377 | D        | Reached skill level 9 in Fighting
   377 | D        | Reached XP level 5. HP: 27/52 MP: 7/9
   565 | D        | Found a hide-covered altar of Uskayaw.
   565 | D        | Found a roughly hewn altar of Beogh.
   565 | D        | Found an iron altar of Okawaru.
   565 | D        | Found a bloodstained altar of Trog.
   565 | D        | Found an ornate altar of the Wu Jian Council.
   565 | D        | Noticed a human
   565 | D        | Noticed a human
   613 | D        | Killed a human
   614 | D        | Reached skill level 5 in Axes
   614 | D        | Reached skill level 5 in Crossbows
   614 | D        | Reached skill level 5 in Throwing
   614 | D        | Reached skill level 5 in Evocations
   614 | D        | Reached XP level 6. HP: 37/59 MP: 9/12
   787 | D        | Killed a human
   788 | D        | Reached skill level 5 in Invocations
   789 | D        | Found a glowing silver altar of Zin.
   790 | D        | Found a glowing golden altar of the Shining One.
   792 | D        | Found a white marble altar of Elyvilon.
  1023 | D        | Noticed a deep elf mage
  1028 | D        | Became a worshipper of Warmaster Okawaru
  1035 | D        | Killed a deep elf mage
  1036 | D        | Reached skill level 10 in Fighting
  1036 | D        | Reached skill level 5 in Short Blades
  1036 | D        | Reached skill level 5 in Long Blades
  1036 | D        | Reached skill level 5 in Maces & Flails
  1036 | D        | Reached skill level 5 in Polearms
  1036 | D        | Reached skill level 5 in Staves
  1036 | D        | Reached skill level 5 in Slings
  1036 | D        | Reached skill level 5 in Bows
  1036 | D        | Reached skill level 5 in Dodging
  1036 | D        | Reached skill level 5 in Stealth
  1036 | D        | Reached skill level 5 in Shields
  1036 | D        | Reached skill level 5 in Unarmed Combat
  1036 | D        | Reached skill level 5 in Spellcasting
  1036 | D        | Reached XP level 7. HP: 67/67 MP: 13/15
  1158 | D        | Found a basalt altar of Yredelemnul.
  1158 | D        | Found a shadowy altar of Dithmenos.
  1158 | D        | Found a sacrificial altar of Ru.
  1163 | D        | Reached * piety under Okawaru
  1164 | D        | Reached skill level 5 in Conjurations
  1164 | D        | Reached skill level 5 in Hexes
  1164 | D        | Reached skill level 5 in Summonings
  1164 | D        | Reached skill level 5 in Necromancy
  1164 | D        | Reached skill level 5 in Translocations
  1164 | D        | Reached skill level 5 in Transmutations
  1164 | D        | Reached skill level 5 in Fire Magic
  1164 | D        | Reached skill level 5 in Ice Magic
  1164 | D        | Reached skill level 5 in Air Magic
  1164 | D        | Reached skill level 5 in Earth Magic
  1164 | D        | Reached skill level 5 in Poison Magic
  1164 | D        | Reached XP level 8. HP: 33/73 MP: 15/17
  1172 | D        | Killed from afar by a necromancer

Illustrated notes

Levels and vault maps discovered:
D:        dungeon_sprint_mu [sprint_mu_entry_forest, sprint_mu_temple_rooms,
          sprint_mu_d1_horrors, sprint_mu_d2_genie, sprint_mu_d3_branching,
          sprint_mu_orc_legion, sprint_mu_elf_gauntlet, sprint_mu_hive_nellie,
          sprint_mu_lair_fedhas, sprint_mu_vaults_butterflies,
          sprint_mu_slime_circle, sprint_mu_swamp_cave, sprint_mu_snake_twists,
          sprint_mu_blade_basic, sprint_mu_crypt_chambers,
          sprint_mu_tomb_spiral, sprint_mu_vestibule_basic,
          sprint_mu_gehenna_hellfire, sprint_mu_dis_giant,
          sprint_mu_tartarus_statrot, sprint_mu_cocytus_islands, sprint_mu_zot1]

Skill      XL: |  1  2  3  4  5  6  7 |
---------------+----------------------+-----
Invocations    | 2 3 4 6 |  6.6
Short Blades   | 1 2 3 4 5 6 |  6.0
Long Blades    | 1 2 3 4 5 6 |  6.0
Maces & Flails | 1 2 3 4 5 6 |  6.0
Polearms       | 1 2 3 4 5 6 |  6.0
Staves         | 1 2 3 4 5 6 |  6.0
Slings         | 1 2 3 4 5 6 |  6.0
Bows           | 1 2 3 4 5 6 |  6.0
Dodging        | 1 2 3 4 5 6 |  6.0
Stealth        | 1 2 3 4 5 6 |  6.0
Shields        | 1 2 3 4 5 6 |  6.0
Unarmed Combat | 1 2 3 4 5 6 |  6.0
Spellcasting   | 1 2 3 4 5 6 |  6.0
Axes           | 3 4 5 6 |  6.6
Crossbows      | 3 4 5 6 |  6.6
Throwing       | 3 4 5 6 |  6.6
Conjurations   | 1 2 3 4 5 |  5.0
Hexes          | 1 2 3 4 5 |  5.0
Summonings     | 1 2 3 4 5 |  5.0
Necromancy     | 1 2 3 4 5 |  5.0
Translocations | 1 2 3 4 5 |  5.0
Transmutations | 1 2 3 4 5 |  5.0
Fire Magic     | 1 2 3 4 5 |  5.0
Ice Magic      | 1 2 3 4 5 |  5.0
Air Magic      | 1 2 3 4 5 |  5.0
Earth Magic    | 1 2 3 4 5 |  5.0
Poison Magic   | 1 2 3 4 5 |  5.0
Evocations     | 3 4 5 6 |  6.6
Armour         | 5 6 7 |  7.7
Fighting       | 9 10 | 10.4

Action                   |  1- 3 |  4- 6 |  7- 9 || total
-------------------------+-------+-------+-------++-------
Melee: Mace              |     9 |    39 |       ||    48
       Bite              |     1 |     5 |     5 ||    11
       Long sword        |       |       |    13 ||    13
 Fire: Hand crossbow     |    10 |    12 |       ||    22
  Use: Potion            |       |     3 |       ||     3
Armor: Robe              |     2 |     2 |       ||     4
Dodge: Dodged            |     7 |    20 |     3 ||    30
       Rpst.: Long sword |       |       |     1 ||     1

Table legend: (Time is in decaauts)
 A = Elapsed time spent in this place.
 B = Non-inter-level travel time spent in this place.
 C = Inter-level travel time spent in this place.
 D = Time resting spent in this place.
 E = Time spent auto-exploring this place.
 F = Levels seen in this place.
 G = Mean time per level.
                   A        B        C        D        E       F      G
               +--------+--------+--------+--------+--------+-----+--------+
         Total |   1179 |   1179 |      0 |    811 |      0 |   1 | 1179.0 |
       Dungeon |   1179 |   1179 |      0 |    811 |      0 |   1 | 1179.0 |
               +--------+--------+--------+--------+--------+-----+--------+

Top non-repeatable levels by time:
       D: 1179 daAuts
